[Event "4NCL 2022-2023"]
[Site "Daventry"]
[Date "2023.01.15"]
[Round "4.39"]
[White "Carroll, Peter"]
[Black "Serbanescu, Diana-Maria"]
[Result "1-0"]
[ECO "B07"]
[WhiteElo "2107"]
[BlackElo "1995"]
[Annotator "TA"]
[PlyCount "227"]
[EventDate "2022.10.20"]
[EventType "team-tourn"]
[EventCountry "ENG"]
[SourceTitle "playchess.com"]
[Source "ChessBase"]
[SourceQuality "1"]
[TimeControl "40/6000+30:2400+30"]

1. d4 Nf6 2. Nc3 d6 3. e4 e5 4. Nge2 Be7 5. g3 Nbd7 6. Bg2 c6 7. a4 {[%emt 0:00:15] B07: Pirc Defence: Miscellaneous Systems.} a5 8. O-O O-O 9. h3 {[%emt 0:00:06] White has an edge.} Re8 10. Be3 Qc7 11. g4 Nf8 12. Ng3 Ng6 {[%emt 0:04:20] [#]} 13. Nf5 $146 ({Predecessor:} 13. Qd2 Nd7 14. Nf5 Ndf8 15. Nxe7+ Qxe7 16. dxe5 dxe5 17. Bg5 f6 18. Be3 Ne6 19. Ne2 Rd8 20. Qc3 Qb4 21. Qxb4 axb4 22. b3 c5 {½-½ Mola,P-Imbrogno,R Formia op 1994 (2)}) 13... Bf8 14. Qd2 (14. Bg5 $11) 14... Be6 (14... h5 $15 {should be considered.}) 15. Rfe1 Rab8 16. Bh1 (16. Bg5 $142) 16... Ra8 (16... h5 $142) 17. Rad1 Rac8 18. Bg5 Nd7 19. Re2 f6 (19... h6 $11 20. Be3 Nf6) 20. Be3 $1 $14 (20. d5 fxg5 21. dxe6 Rxe6 $17) 20... Bc4 21. Ree1 Be6 22. h4 (22. b3 {seems wilder.} Nb8 23. d5 cxd5 24. Nxd5 Qxc2 25. Qxa5 Qxb3 26. Rb1) 22... exd4 23. Bxd4 Bxf5 (23... Nde5 $11 {is superior.}) 24. gxf5 Nge5 25. b3 (25. Qf4 $16) 25... Rcd8 (25... d5 $14) 26. f4 (26. Ne2 $16) 26... Nf7 27. Qf2 ({White should try} 27. Bf2 $14) 27... Rc8 {[%emt 0:02:41] Black is weak on the light squares} (27... Nh6 $1 $11) 28. Bf3 d5 29. exd5 (29. Bh5 {feels hotter.} dxe4 30. Nxe4 Re7 31. Kg2) 29... Rxe1+ 30. Rxe1 Qxf4 31. dxc6 bxc6 32. Bg2 {[%emt 0:03:22] This pair of bishops is nice.} Qxf2+ 33. Kxf2 Nfe5 (33... c5 $5 34. Be3 $8 c4 $11) 34. Ne4 Bb4 35. Rd1 Kf8 36. c3 (36. Ke2 $16) 36... Be7 $11 37. Ke2 Rb8 (37... c5 $5 38. Bf2 c4 $14) 38. Nd2 Kf7 39. h5 Rc8 40. Bg1 {[%emt 0:02:07] And now Nc4 would win.} Rb8 41. Rb1 Bd6 {[%emt 0:01:03] [#]} 42. Nf1 (42. Nf3 $1 $16) 42... Nc5 43. Nd2 (43. Bxc5 $11 Bxc5 44. Nd2) 43... Ncd7 $14 44. Ne4 {[%emt 0:03:38] Dodges Bc5} Be7 45. Kd2 (45. Kd1 $14) 45... g6 (45... Nc4+ $1 $11 46. Ke2 Nde5) 46. hxg6+ hxg6 47. fxg6+ Kxg6 48. Kc2 f5 49. Nd2 c5 50. Re1 Bf6 51. Bh2 Rc8 52. Bb7 Rh8 53. Rg1+ Kf7 54. Bd5+ Ke7 55. Bf4 Rh4 56. Rf1 Rh5 57. Re1 {[%emt 0:02:03] White is more active.} Rh4 58. Bxe5 (58. Bg3 $16 {Nc4 would be deadly.} Rg4 59. Bxe5 Nxe5 60. Nc4) 58... Nxe5 59. Nc4 $1 (59. Nf3 Rf4 $11) 59... Rh2+ 60. Kb1 Rf2 $1 61. Bb7 (61. Nxe5 Bxe5 62. Re3 (62. Rxe5+ Kd6 $11) 62... Kf6 $15) 61... Ke6 62. Bc8+ Kd5 63. Bb7+ Ke6 64. Nxa5 Kd6 65. Rd1+ Kc7 66. Bd5 (66. Rd5 $5 ) 66... f4 67. Nb7 Nd7 (67... Ng4 $5 68. Rd3 (68. Nxc5 Ne3 $11) 68... Ne3 69. Nxc5 Rf1+ 70. Kb2 Rf2+ 71. Kc1 Rf1+ 72. Kd2 (72. Kb2 Rf2+ 73. Kb1 Rf1+ 74. Kb2 $11) 72... Rf2+ 73. Kc1 (73. Ke1 $2 Rb2 $19) 73... Rf1+ 74. Kd2 (74. Kb2 Rf2+ 75. Kb1 Rf1+ 76. Kb2 $11) 74... Rf2+ 75. Kc1 $11 (75. Ke1 $2 Rb2 $19)) 68. Rd3 (68. Be6 $5 Kxb7 69. Rxd7+ Kc6 70. Rd3 $14) 68... Rh2 69. Be4 (69. a5 $5 Be7 70. a6 $11) 69... Re2 70. Bd5 (70. Nd6 $5 Be7 71. Nb5+ Kb6 72. Rxd7 Rxe4 73. Rd5 $14) 70... Re3 71. Rxe3 fxe3 $11 {[%emt 0:00:06][%mdl 4096] Endgame KBN-KBN} 72. Kc2 e2 73. Kd2 Bxc3+ {[%emt 0:00:07][%mdl 64] Decoy, Promotion} 74. Kxe2 $1 Bb4 75. Ke3 Kb6 76. Nd6 Ne5 77. Ke4 Nd7 (77... Bc3 $11) 78. Nc4+ Kc7 79. Be6 Nb6 80. Ne5 Kd6 81. Bc4 Nd7 82. Nd3 {[%emt 0:00:21] Hoping for Nxb4.} Ba5 83. Bb5 {[%emt 0:00:15] Strongly threatening Bxd7.} Nf6+ 84. Kf5 Nd5 85. Bc4 ({Better is} 85. Ne5 $14 Bc3 86. Nf7+ Kc7 87. Ke4 Nf6+ 88. Kd3) 85... Ne7+ (85... Ne3+ $11 86. Ke4 Nxc4 87. bxc4 Bd2) 86. Kf6 ({White should play} 86. Ke4 $16) 86... Nc6 87. Nf4 Nd8 (87... Ne5 $11) 88. Ne2 (88. Kf5 $16) 88... Bd2 89. Ng3 {[%emt 0:00:13] aiming for Ne4+.} Bc3+ 90. Kf5 {[%emt 0:00:18] Threatens to win with Ne4+.} Bb4 91. Ne4+ Kc6 92. Ke5 Kb6 93. Bd5 Kc7 (93... Ka5 $1 $11 {remains equal.}) 94. Kf4 Kb6 {[%emt 0:00:31][%cal Oc5c4] [#]} 95. Ke3 (95. Nd6 $1 $16) 95... Kc7 {[%emt 0:00:57] A mistake that costs the game.} (95... c4 $1 $11 {and Black stays safe.}) 96. Kd3 $18 Kb6 (96... Nb7 {was worth a try.} 97. Bxb7 Kxb7) 97. Kc4 Ba3 98. Nf2 Bb4 99. Nd3 Ba3 100. Ne5 Kc7 $2 (100... Ka5 101. Nd7 Bb4 102. Nxc5 Bd2) 101. Kb5 Bb4 102. Nd3 Ba3 103. a5 ({Less strong is} 103. Nxc5 Kd6 $14) 103... Kd6 104. Bc4 (104. a6 $142 Kxd5 105. a7 Ne6 106. a8=Q+ (106. a8=B+ Kd4 $11) 106... Kd4 107. Qxa3 Nc7+ 108. Kc6 Ne8 109. Nxc5) 104... Nc6 105. Kb6 {[%emt 0:00:20] White mates.} Nb4 106. Nxb4 {[%emt 0:00:27][%mdl 64] Remove Defender} ({Worse is} 106. Nxc5 Nd5+ 107. Bxd5 Bxc5+ 108. Kb7 Kxd5 $11) 106... cxb4 {[%emt 0:00:02] KB-KB} 107. a6 Bc1 108. a7 Be3+ 109. Kb7 Bxa7 110. Kxa7 Kc7 111. Ka6 Kc6 112. Ka5 Kc5 113. Bg8 Kc6 114. Kxb4 {[%emt 0:00:05] Weighted Error Value: White=0.21 (precise) /Black=0.20 (precise)} 1-0

[Event "4NCL 2022-2023"]
[Site "Daventry"]
[Date "2023.01.15"]
[Round "4.40"]
[White "Franco, Gaston"]
[Black "Putar, Lara"]
[Result "0-1"]
[ECO "C06"]
[WhiteElo "2051"]
[BlackElo "1761"]
[Annotator "TA"]
[PlyCount "92"]
[EventDate "2022.10.20"]
[EventType "team-tourn"]
[EventCountry "ENG"]
[SourceTitle "playchess.com"]
[Source "ChessBase"]
[SourceQuality "1"]
[TimeControl "40/6000+30:2400+30"]

1. e4 e6 2. d4 d5 3. Nd2 Nf6 4. e5 Nfd7 5. Bd3 c5 6. c3 Nc6 7. Ne2 cxd4 8. cxd4 f6 9. Nf4 Nxd4 10. Qh5+ Ke7 11. exf6+ Nxf6 12. Ng6+ hxg6 13. Qxh8 Kf7 14. O-O e5 15. Nb3 Nxb3 {[%emt 0:03:51] C06: French Tarrasch: 3...Nf6 4 e5 Nfd7 5 Bd3 main lines.} (15... Bf5 16. Nxd4 Bxd3 17. Qh3 $16) 16. axb3 Bf5 17. Bxf5 gxf5 {[%emt 0:00:07] The position is equal.} 18. Bg5 Bc5 19. Qh3 Qd7 20. Bxf6 Kxf6 21. b4 Bb6 22. Ra3 g6 23. Qh4+ Ke6 {[%emt 0:00:52] [#]} 24. Re1 $146 ({Predecessor:} 24. Rd1 Rg8 25. g4 e4 26. gxf5+ gxf5+ 27. Rg3 Rxg3+ 28. Qxg3 d4 29. h4 Qh7 30. Qg5 {½-½ Cawdery,D (2434)-Pon,M (2165) Livingstone FIDE zt 4.3 2017 (3)}) 24... e4 25. g4 f4 26. Qg5 Qf7 27. Rd3 Rd8 {[%emt 0:01:28] And now ...Qf6 would win. The board is on fire.} 28. Rxe4+ dxe4 29. Rxd8 Bxd8 30. Qxd8 $11 {[%emt 0:00:08][%mdl 4096] Endgame KQ-KQ} f3 31. h4 Qf4 $1 32. Qc8+ Kd5 (32... Kf6 $2 33. Qf8+ (33. Qxb7 $2 {too greedy.} Qxg4+ 34. Kf1 Qg2+ 35. Ke1 Qg1+ {[%mdl 64] Deflection} 36. Kd2 Qxf2+ 37. Kc3 Qe3+ 38. Kc4 Qd3+ 39. Kc5 f2 $19) 33... Ke5 34. Qb8+ Ke6 35. Qxf4 $18) 33. Qxb7+ Kc4 34. Qa6+ Kxb4 35. Qxg6 {[%emt 0:02:00] Strongly threatening Qf5.} e3 $1 {[%emt 0:02:18] ( -> ...e2)} 36. Qg7 $1 e2 (36... Kb3 $5 37. Qc3+ $8 (37. Qxa7 $2 {gets mated.} Qxg4+ 38. Kf1 Qh3+ 39. Kg1 Qg2#) 37... Ka2 38. Qxe3 Qxg4+ 39. Kf1 Qxh4 40. Qxf3 (40. Qxa7+ Kb1 $11) 40... Kxb2 $11) 37. Qb7+ $1 Kc4 38. Qa6+ $2 {[%emt 0:02:54][%mdl 8192] [#]} (38. Qc6+ $11 Kb3 39. Qc3+ Ka2 40. Qa3+ Kb1 41. Qd3+ Kxb2 42. Qb5+ Kc3 43. Qc6+ Qc4 44. Qxf3+ Kb2 45. Qb7+ Qb3 46. Qe7 Qd1+ 47. Kh2) 38... Kb3 {[%emt 0:00:49] Black mates.} 39. Qa3+ Kc2 40. Qc3+ Kd1 41. Qd3+ Qd2 42. Qb1+ Qc1 43. Qd3+ Ke1 44. b4 Qb2 45. b5 {[%emt 0:00:00] [#]} Qb4 $1 46. Qxf3 Qd4 {[%emt 0:00:00] Weighted Error Value: White=0.15 (very precise) /Black=0.03 (flawless)} 0-1

[Event "4NCL 2022-2023"]
[Site "Daventry"]
[Date "2023.01.15"]
[Round "4.41"]
[White "Ansell, Simon T"]
[Black "Speelman, Jon S"]
[Result "1/2-1/2"]
[ECO "C02"]
[WhiteElo "2337"]
[BlackElo "2500"]
[Annotator "TA"]
[PlyCount "30"]
[EventDate "2022.10.20"]
[EventType "team-tourn"]
[EventCountry "ENG"]
[SourceTitle "playchess.com"]
[Source "ChessBase"]
[SourceQuality "1"]
[TimeControl "40/6000+30:2400+30"]

1. e4 e6 2. d4 d5 3. e5 Bd7 4. Nf3 a6 5. Be2 Bb5 6. O-O {[%emt 0:00:20] C02: French: Advance Variation.} Ne7 7. Nc3 Bxe2 8. Nxe2 {[%emt 0:00:05] The position is equal.} Nf5 {[%emt 0:03:37] [#]} 9. g4 $146 ({Predecessor:} 9. Ng3 Nxg3 10. hxg3 Be7 11. Nh2 h5 12. f4 g6 13. Be3 Nc6 14. b3 Qd7 15. c4 {0-1 Lesny,F (2066)-Nilsson,A (2228) Vellmar op 10th 2018 (7)}) 9... Nh4 10. Nf4 c5 11. c3 Nc6 12. Be3 cxd4 13. cxd4 Nxf3+ 14. Qxf3 Be7 15. Rad1 O-O {[%emt 0:00:37] Not much happened in this game.   Weighted Error Value: White=0.11 (very precise) /Black=0.07 (flawless)} 1/2-1/2

[Event "4NCL 2022-2023"]
[Site "Daventry"]
[Date "2023.01.15"]
[Round "4.42"]
[White "Wadsworth, Matthew J"]
[Black "Gormally, Daniel W"]
[Result "1/2-1/2"]
[ECO "A24"]
[WhiteElo "2477"]
[BlackElo "2450"]
[Annotator "TA"]
[PlyCount "65"]
[EventDate "2022.10.20"]
[EventType "team-tourn"]
[EventCountry "ENG"]
[SourceTitle "playchess.com"]
[Source "ChessBase"]
[SourceQuality "1"]
[TimeControl "40/6000+30:2400+30"]

1. c4 Nf6 2. Nf3 g6 3. g3 Bg7 4. Bg2 O-O 5. O-O d6 6. Nc3 e5 7. d3 Nbd7 8. Rb1 a5 9. a3 c6 10. e4 Nc5 11. b4 axb4 12. axb4 Ne6 13. Be3 {[%emt 0:00:45] A24: English Opening vs King's Indian: Lines without ...Nc6.} Ng4 14. Bd2 f5 15. exf5 gxf5 {[%emt 0:00:07] [#]} 16. b5 $146 ({Predecessor:} 16. Nh4 Nf4 17. Bf3 Nxd3 18. Bxg4 fxg4 19. Ne4 Nf4 20. Bxf4 exf4 21. Nxd6 Be6 22. Re1 fxg3 23. hxg3 {0-1 Wegerer,F (2290)-Freitag,M (2295) Graz op 1995 (8)}) 16... Bd7 17. bxc6 bxc6 18. h3 Nh6 19. c5 Nxc5 $15 20. d4 exd4 21. Bxh6 Bxh6 22. Nxd4 Rc8 23. Na4 Ne4 24. Nb6 $1 {[%emt 0:02:00] The position is equal.} Rc7 $132 {[%emt 0:04:07][%mdl 2048] Black has counterplay} 25. Nxd7 Qxd7 26. g4 Nd2 27. Nxf5 Rxf5 28. gxf5 Nxf1 29. Rb8+ ({But not} 29. Bxf1 Qxf5 30. Qg4+ (30. Rb8+ Bf8 $17) 30... Qxg4+ 31. hxg4 d5 $15) 29... Rc8 30. Rxc8+ Qxc8 31. Qxd6 Bf8 32. Qd3 (32. Qxc6 $2 {perishes.} Qxc6 33. Bxc6 Nd2 $19) 32... Nd2 {[%emt 0:00:13] Wards off Qb3+} 33. Qxd2 {[%emt 0:00:13] Weighted Error Value: White=0.06 (flawless) /Black=0.06 (flawless)} 1/2-1/2

[Event "4NCL 2022-2023"]
[Site "Daventry"]
[Date "2023.01.15"]
[Round "4.43"]
[White "Bates, Richard A"]
[Black "Harvey, Marcus R"]
[Result "0-1"]
[ECO "E16"]
[WhiteElo "2339"]
[BlackElo "2466"]
[Annotator "TA"]
[PlyCount "150"]
[EventDate "2022.10.20"]
[EventType "team-tourn"]
[EventCountry "ENG"]
[SourceTitle "playchess.com"]
[Source "ChessBase"]
[SourceQuality "1"]
[TimeControl "40/6000+30:2400+30"]

1. d4 Nf6 2. Nf3 e6 3. c4 b6 4. g3 Bb7 5. Bg2 c5 6. d5 exd5 7. cxd5 {[%emt 0:05:21] E16: Queen's Indian: 4 g3 Bb7 5 Bg2 Bb4+.} Bxd5 8. O-O Be7 9. Re1 {[%emt 0:05:12] The position is equal.} O-O 10. e4 Bc6 11. Nc3 {[%emt 0:14:42] [#]} Ne8 $146 ({Predecessor:} 11... d6 12. Bf4 Nh5 13. Be3 Nd7 14. Qe2 Nhf6 15. Bf4 Qc7 16. Rad1 Rfe8 17. e5 dxe5 18. Nxe5 Nxe5 19. Bxe5 {0-1 Moranda,W (2593)-Iturrizaga Bonelli,E (2637) PRO League Stage rapid 2019 (3)}) 12. Ne5 Nc7 13. Nxc6 Nxc6 14. e5 {[%emt 0:03:17] Prevents Bf6} Rc8 15. Qg4 Ne6 (15... Nd4 {seems wilder.} 16. Bh6 Nce6 17. Rac1 Bg5) 16. f4 f5 17. exf6 Bxf6 ({But not} 17... Rxf6 18. Bxc6 h5 19. Qxh5 Rxc6 20. Be3 $14) 18. Be3 ({Don't blunder} 18. Rxe6 $2 dxe6 19. Be3 (19. Qxe6+ $2 {loses.} Kh8 $19) 19... Nd4 $19) 18... Bd4 19. Rad1 Ne7 20. Be4 g6 21. Nb5 Bxe3+ 22. Rxe3 {[%emt 0:00:05][%cal Oe4g6] Black must now prevent Bxg6!} Nd4 $1 23. Nxd4 cxd4 24. Rxd4 Nf5 25. Bxf5 Rxf5 26. Qe2 {[%emt 0:04:30] Repels Rc2} Rf7 {[%emt 0:05:25] Inhibits Re7.} 27. Rc4 Rxc4 28. Qxc4 $11 {[%emt 0:00:04][%mdl 4096] Endgame KQR-KQR} Kg7 29. Qd4+ Qf6 30. Rd3 Qxd4+ 31. Rxd4 {[%emt 0:00:04] KR-KR} Kf6 32. Kf2 Ke6 33. Re4+ Kd5 34. Ke3 d6 35. Rd4+ Kc5 36. Re4 Rc7 37. Kd3 Kd5 {[%emt 0:00:06] Prevents Rc4.} 38. Rd4+ Ke6 39. Re4+ Kd7 40. Rc4 {[%emt 0:00:24] Black should prevent Rxc7+.} Rc5 41. b4 Rh5 42. Rc2 Rd5+ 43. Ke2 Rd4 44. a3 Re4+ 45. Kd2 d5 46. Rc3 Kd6 47. Rc8 Re7 48. Kd3 Kd7 (48... Re1 $11) 49. Rc1 ({White should try} 49. Rf8 $14) 49... Re4 50. Rf1 a5 51. bxa5 bxa5 52. f5 Ke7 53. fxg6 hxg6 54. Rb1 Ra4 55. Rb6 Kf7 56. Rb3 Ke6 57. Ke3 Ke5 58. Kd3 g5 59. h3 Rd4+ 60. Ke3 Rc4 61. Kd3 Rc1 {[%emt 0:00:27] With the idea ...Ra1.} 62. h4 g4 {[%emt 0:06:25] aiming for ...Ra1.} 63. Rb5 $2 {[%emt 0:00:33][%mdl 8192] Now White is beyond hope.} (63. Rb8 $11 {and White is okay.}) 63... Rg1 $19 64. Rxa5 Rxg3+ 65. Ke2 Rg2+ 66. Kf1 Rh2 67. Ra8 $2 (67. a4 Rxh4 68. Ra8) 67... Rxh4 {[%emt 0:01:31] ...Rh2 is the strong threat.} 68. a4 Rh2 {[%emt 0:01:49] ...d4 would be deadly.} 69. Rg8 {[%emt 0:00:11] [#]} Kf4 $1 70. Rf8+ Kg3 {[%emt 0:00:41] Strongly threatening ...Rh1+.} 71. Rd8 Ra2 {[%emt 0:03:31] Black mates.} 72. Rxd5 {[%emt 0:00:08] [#]} Ra1+ $1 73. Ke2 Rxa4 74. Rd2 Rf4 75. Ke1 Kh3 {[%emt 0:00:12] Weighted Error Value: White=0.06 (flawless) /Black=0.07 (flawless)} 0-1

[Event "4NCL 2022-2023"]
[Site "Daventry"]
[Date "2023.01.15"]
[Round "4.44"]
[White "Fitzsimons, David"]
[Black "Ledger, Andrew J"]
[Result "1-0"]
[ECO "C10"]
[WhiteElo "2339"]
[BlackElo "2314"]
[Annotator "TA"]
[PlyCount "63"]
[EventDate "2022.10.20"]
[EventType "team-tourn"]
[EventCountry "ENG"]
[SourceTitle "playchess.com"]
[Source "ChessBase"]
[SourceQuality "1"]
[TimeControl "40/6000+30:2400+30"]

1. e4 e6 2. d4 d5 3. Nc3 dxe4 4. Nxe4 Nd7 5. Nf3 Ngf6 6. Nxf6+ Nxf6 7. Be3 Bd6 {[%emt 0:01:55] now scores much better than the old 7...Be7. C10: French with 3 Nc3: Unusual Black 3rd moves and 3...dxe4.} 8. Bd3 b6 9. Qe2 Bb7 {[%emt 0:02:33] White has an edge.} 10. O-O-O Qe7 11. Kb1 O-O-O {[%emt 0:02:33] [#]} 12. Rhe1 $146 ({Predecessor:} 12. c4 c5 13. dxc5 Bxc5 14. Bxc5 Qxc5 15. Ne5 Rhf8 16. f4 Nd7 17. Nf3 Qc7 18. g3 Nc5 19. Bc2 a5 20. Rhe1 h6 {½-½ Neklyudov,T (1876)-Gorodnichev,A (1949) Voronezh op-B 22nd 2018 (6)}) 12... h6 13. a3 Nd5 14. Bc1 Nf4 15. Bxf4 Bxf4 16. Ba6 {[%emt 0:01:38] Bxb7+ would be deadly.} c6 $1 17. Qe4 {[%emt 0:03:34] Threatens to win with Bxb7+.} Bc7 (17... Bxa6 $11 {remains equal.} 18. Qxf4 f6) 18. Bxb7+ $16 Kxb7 19. c4 (19. d5 $1 $14) 19... Qf6 20. b4 Qf4 21. Qxf4 Bxf4 {[%emt 0:00:05] [#]} 22. d5 $1 cxd5 23. cxd5 Rxd5 (23... g5 $11 {keeps the balance.}) 24. Rxd5 exd5 $11 {[%emt 0:00:04][%mdl 4096] Endgame KRB-KRN} 25. Re7+ Kc6 ({Better is} 25... Kc8) 26. Rxf7 g5 27. Rxa7 {[%emt 0:07:38] White is more active.} Kb5 28. Kc2 {[%emt 0:04:09] Kd3 is the strong threat.} Kc4 {[%emt 0:04:24] [#]} (28... g4 $14 29. Nh4 Bg5) 29. g3 $1 $16 g4 30. Rf7 Bg5 (30... Bd6 $16) 31. Rc7+ Kb5 32. Nd4+ {[%emt 0:00:09] Weighted Error Value: White=0.08 (flawless) /Black=0.48} 1-0

[Event "4NCL 2022-2023"]
[Site "Daventry"]
[Date "2023.01.15"]
[Round "4.45"]
[White "Duncan, Chris R"]
[Black "Greet, Andrew N"]
[Result "0-1"]
[ECO "D39"]
[WhiteElo "2187"]
[BlackElo "2404"]
[Annotator "TA"]
[PlyCount "86"]
[EventDate "2022.10.20"]
[EventType "team-tourn"]
[EventCountry "ENG"]
[SourceTitle "playchess.com"]
[Source "ChessBase"]
[SourceQuality "1"]
[TimeControl "40/6000+30:2400+30"]

1. Nf3 e6 2. c4 d5 3. d4 Nf6 4. Nc3 Bb4 5. Bg5 dxc4 6. e4 c5 7. dxc5 {[%emt 0:00:12] Black must now prevent Qxd8+.} Qa5 {[%emt 0:10:37] D39: Queen's Gambit Declined: Ragozin Defence with 5 Bg5 dxc4.} (7... Bxc3+ $11 8. bxc3 Qxd1+ 9. Rxd1 Nbd7) 8. Bxf6 $14 gxf6 9. Bxc4 Bxc3+ {[%emt 0:00:30] White has an edge.} 10. bxc3 {[%emt 0:00:15] [#]} Nc6 $146 ({Predecessor:} 10... Qxc3+ 11. Nd2 Qe5 12. O-O O-O 13. Qg4+ Qg5 14. Qxg5+ fxg5 15. Rad1 Bd7 16. f4 gxf4 17. Rxf4 {0-1 Basson,H (1710)-Lovakovic,F (2110) LSS No Engine Cup 18 Preliminary 6 2010}) 11. O-O Qxc5 12. Bb3 b6 13. Qd2 (13. Re1 {simplifies} Bb7 14. Qd2 Ne5 15. Nxe5 Qxe5 16. Rad1) 13... Ke7 14. Rad1 (14. Rfe1 $5 ) 14... Rd8 $1 15. Qf4 Ba6 16. Qc7+ Kf8 17. Bxe6 {[%emt 0:01:18] [#]} fxe6 (17... Qe7 $1 $17 18. Rxd8+ (18. Qxc6 Bxf1 19. Rxd8+ Rxd8 $17) 18... Rxd8 19. Qxc6 Bxf1) 18. Qxh7 $11 Qe7 (18... Qxc3 $2 19. Qh8+ Kf7 20. Ng5+ fxg5 21. Qxc3 $18) 19. Qh8+ Kf7 20. Qh7+ Ke8 21. Qg8+ Qf8 22. Qxe6+ Ne7 23. Rfe1 Qf7 {[%emt 0:01:37] Really sharp!} 24. Qh3 Rxd1 (24... Qxa2 $2 25. Rd5 Rxd5 26. exd5 Qxd5 27. Qh7 $18 (27. Qh8+ Kd7 $11)) 25. Rxd1 Be2 26. Rd2 Bxf3 (26... Bb5 27. Qh8+ Ng8 28. Ne5 fxe5 29. Qxe5+ Kf8 30. Qxb5 $16) 27. Qxf3 {[%emt 0:00:04][%cal Oe4e5] Threatens to win with e5!} Rc8 28. h4 Rc5 29. g3 (29. Qd3 Qc4 30. Qxc4 Rxc4 $17) (29. e5 $11 Rd5 30. Rxd5 Nxd5 31. c4) 29... Qe6 $15 30. Kg2 Qe5 {[%emt 0:01:32] Black is more active.} (30... Ng6 $17) 31. Rd4 $11 ({Much worse is} 31. Qd3 Rxc3 32. Qe2 Rc1 $17) 31... Kf7 32. Qe3 Kg7 33. Rd7 a5 34. Qd4 Kf7 35. Rb7 Qe6 36. h5 $2 Rxh5 $19 {[%emt 0:00:33] ...Kg6 would be deadly.} 37. Rxb6 Qh3+ (37... Qxa2 {leads to mate.} 38. Qxf6+ (38. Rxf6+ Ke8 $16) 38... Ke8 39. Rb8+ Kd7 40. Rb7+ Kc8 41. Rxe7) 38. Kf3 {[%emt 0:00:01] [#]} Re5 (38... Qh1+ $1 $19 39. Ke2 Re5) 39. Ke2 (39. c4 $17 {was worth a try.}) 39... Qg4+ 40. f3 $2 (40. Kd2 {is the only way for White.} Qxe4 41. Qxe4 Rxe4 42. Kd3) 40... Qxg3 {[%emt 0:00:24] aiming for ...Nd5.} 41. Ra6 $2 (41. Rd6) 41... Nd5 {[%emt 0:03:31] ...Qg2+ is the strong threat.} 42. Qf2 {[%emt 0:11:30] Prevents Qg2.} Nf4+ 43. Ke3 {[%emt 0:02:24] [#]} Rxe4+ $3 {[%emt 0:00:36][%mdl 576] Deflection. A cool game by Greet.   Weighted Error Value: White=0.63/Black=0.15 (very precise)} 0-1

[Event "4NCL 2022-2023"]
[Site "Daventry"]
[Date "2023.01.15"]
[Round "4.46"]
[White "McDonald, Neil"]
[Black "Ledger, Dave J"]
[Result "1-0"]
[ECO "C34"]
[WhiteElo "2409"]
[BlackElo "2162"]
[Annotator "TA"]
[PlyCount "93"]
[EventDate "2022.10.20"]
[EventType "team-tourn"]
[EventCountry "ENG"]
[SourceTitle "playchess.com"]
[Source "ChessBase"]
[SourceQuality "1"]
[TimeControl "40/6000+30:2400+30"]

1. e4 e5 2. f4 exf4 3. Nf3 Nf6 4. e5 Nh5 5. Nc3 d5 6. Be2 {[%emt 0:06:11] C34: King's Gambit Accepted: 3 Nf3: 3...Nf6 and 3...d6.} Bg4 (6... Nc6 $15) 7. O-O $11 Nc6 8. d4 {[%emt 0:01:47] The position is equal.} g5 {[%emt 0:04:23] [#]} 9. h3 $146 ({Predecessor:} 9. e6 Bxe6 10. Nxg5 Qxg5 11. Bxh5 Rg8 12. g3 Qg7 13. Bxf4 Qxd4+ 14. Qxd4 Nxd4 15. Bxc7 {0-1 Petro,J (2007)-Menyhart,T (2089) HUN-chT2 Barcza 1516 2015 (7.8)}) 9... Bxf3 (9... Be6 $5 ) 10. Bxf3 Ng3 11. Nxd5 {[%emt 0:11:57][%cal Oc1f4] Bxf4! would be deadly.} Bg7 12. Re1 h5 (12... Rb8 $14) 13. b3 ({White should try} 13. h4 $1 $18 {[%cal Rh4g5] Strongly threatening hxg5.} g4 14. Nf6+ (14. Bxf4 gxf3 15. Qxf3 Nf5 $16) 14... Kf8 15. Bxc6 (15. Bxf4 gxf3 16. Bxg3 Bxf6 $14) 15... bxc6 16. Bxf4) 13... Kf8 (13... O-O $16) 14. c4 ({Better is} 14. Qd3 $18) 14... Qd7 {[%emt 0:01:50] [#]} (14... Rh6 $16) 15. h4 $1 $18 {[%emt 0:08:16][%mdl 576] Deflection} g4 (15... Nf5 16. hxg5) 16. Bxf4 gxf3 17. Bxg3 Qg4 18. Qxf3 Qxf3 19. gxf3 Nxd4 20. Re4 $1 (20. Nxc7 Rc8 21. e6 fxe6 $14) 20... Nf5 (20... Ne6 $16 {was necessary.} 21. Rd1 Rd8) 21. Bf2 (21. Nxc7 $2 Nxg3 22. Ree1 Rd8 $19) 21... c6 22. Bc5+ Kg8 {[%emt 0:00:11] [#]} 23. Ne7+ (23. Nf6+ $1 $18 Bxf6 24. exf6) 23... Nxe7 $16 24. Bxe7 Re8 {[%emt 0:00:40] [#]} 25. Bd6 {[%emt 0:01:09] White is more active.} Rh6 {[%emt 0:01:46] aiming for ...Rxd6.} 26. Rae1 Bf8 27. c5 b6 28. b4 Be7 29. Kf2 Re6 30. Bxe7 R8xe7 $18 {[%emt 0:00:16][%mdl 4096] Endgame KRR-KRR} 31. f4 Rd7 32. f5 Re8 33. cxb6 axb6 34. Kf3 Rd2 (34... Ra8 {is a better defense.} 35. Rc4 (35. Rg1+ Kf8 $18) 35... c5 36. bxc5 bxc5) 35. R1e2 Rd1 36. Kf4 Rg1 37. e6 fxe6 38. fxe6 {[%emt 0:00:22] Ke5 is the strong threat.} ({Don't take} 38. Rxe6 $6 Rxe6 39. fxe6 Kf8) 38... Kg7 $2 (38... Rg6 {is more resistant.} 39. a4 Rf6+ 40. Kg3 (40. Kg5 Kg7 $18) 40... Rf5) 39. Ke5 Rd1 40. Rg2+ Kf8 41. Rf4+ Ke7 42. Rg7+ Kd8 43. Kf6 Re1 (43... b5 $142 44. Rf3 Kc8) 44. Rd4+ Kc8 45. Rd6 Rf1+ 46. Kg6 Rg1+ 47. Kf7 {[%emt 0:00:00] Weighted Error Value: White=0.17 (very precise) /Black=0.55} (47. Kxh5 $2 {leads to mate.} Rh8+ {[%mdl 64] Skewer}) 1-0